 Dungeon Crawl Stone Soup version 0.32-a0-918-g0f22ef8d61 (webtiles) character file.

Game seed: 7330290384980379902

1190089 DEFE the Ex Machina (level 27, -21/273 HPs)
             Began as a Coglin Fighter on Apr 9, 2024.
             Was a High Priest of the Shining One.
             Demolished by an iron golem (26 damage)
             ... on level 5 of the Iron City of Dis on Apr 10, 2024.
             The game lasted 02:12:09 (106240 turns).

DEFE the Ex Machina (Coglin Fighter)              Turns: 106240, Time: 02:12:10

Health: -21/273    AC: 49    Str: 29 (31) XL:     27
Magic:  35/40      EV: 16    Int:  4 (9)  God:    the Shining One [*****.]
Gold:   13184      SH:  0    Dex: 14      Spells: 26/26 levels left

rFire   + + .        G - +9 broad axe (flame) {Svenja}
rCold   + + .        O - +9 broad axe (holy) {Tenoch}
rNeg    + + +        a - +14 crystal plate armour {rC+}
rPois   +            X - -2 hat of the Alchemist {rElec rPois rF+ rC+ rN+ Will+ rMut rCorr}
rElec   +            Q - +4 dragonskin cloak {Aegis}
rCorr   +            l - +2 pair of gloves {Stlth+}
SInv    +            D - +2 pair of boots of Reusch Cycatz {Will+ Slay+3}
Will    +++++        (amulet unavailable) Stlth
                     (ring unavailable)
HPRegen 0.65/turn    (ring unavailable)
MPRegen 0.27/turn    V
                       - N-10 retromatrix {Rampage Acrobat rElec rF+}

%: acrobat, resist mutation, rampage
@: glowing, studying 2 skills, corroded, revved
A: off-hand wielding, slow wielding, warmup strikes, no jewellery, horns 1, see
invisible, clever 1, strong-willed 1, robust 1, screaming 1, strong 1, [dopey 1]
}: 12/15 runes: barnacled, slimy, silver, obsidian, bone, abyssal, demonic,
glowing, magical, fiery, dark, gossamer
a: Renounce Religion, Divine Shield, Cleansing Flame, Summon Divine Warrior


You were on level 5 of the Iron City of Dis.
You worshipped the Shining One.
The Shining One was extremely pleased with you.
You visited 17 branches of the dungeon, and saw 79 of its levels.
You visited Pandemonium 1 time, and saw 15 of its levels.
You visited the Abyss 1 time.
You visited 1 bazaar.
You also visited: Trove, Bailey, Ice Cave and Desolation.

You collected 17463 gold pieces.
You spent 4279 gold pieces at shops.

Inventory:

Hand Weapons
 G - a +9 broad axe of flaming (weapon) {Svenja}
 O - a +9 broad axe of holy wrath (offhand) {Tenoch}
Missiles
 B - 12 throwing nets (quivered)
 F - 14 curare-tipped darts
Armour
 a - a +14 crystal plate armour of cold resistance (worn)
 f - a +1 pair of gloves of dexterity
 l - a +2 pair of gloves of stealth (worn)
 C - the +0 pair of fencer's gloves {Riposte Dex+3}
   (You found it on level 3 of the Crypt)

   Riposte:   It allows the wearer to riposte with melee weapons, swiftly
   retaliating against missed or blocked melee attacks.
   Dex+3:     It affects your dexterity (+3).
 D - the +2 pair of boots of Reusch Cycatz (worn) {Will+ Slay+3}
   (Okawaru gifted it to you on level 12 of the Dungeon)

   Slay+3:    It affects your accuracy & damage with ranged weapons and melee
   (+3).
   Will+:     It increases your willpower.
 Q - the +4 dragonskin cloak (worn) {Aegis}
   (You took it off Tiamat on level 3 of the Realm of Zot)

   Avatar's Aegis: It grants the wearer a chance to resist fire, cold, poison,
   electricity, acid, and negative energy.
 X - the -2 hat of the Alchemist (worn) {rElec rPois rF+ rC+ rN+ Will+ rMut rCorr}
   (You found it on level 14 of the Dungeon)

   rF+:       It protects you from fire.
   rC+:       It protects you from cold.
   rElec:     It insulates you from electricity.
   rPois:     It protects you from poison.
   rN+:       It protects you from negative energy.
   Will+:     It increases your willpower.
   rCorr:     It protects you from acid and corrosion.
   rMut:      It protects you from mutation.
Gizmo
 V - a N-10 retromatrix (installed) {Rampage Acrobat rElec rF+}
   (You invented it yourself on level 4 of the Lair of Beasts)

   [N-10 retromatrix]

   rF+:       It protects you from fire.
   rElec:     It insulates you from electricity.
   Rampage:   It bestows one free step when moving towards enemies.
   Acrobat:   It increases your evasion after moving or waiting.
Wands
 i - a wand of mindburst (72)
 z - a wand of digging (29)
 E - a wand of iceblast (86)
 P - a wand of flame (49)
 S - a wand of charming (4)
 T - a wand of polymorph (7)
 Y - a wand of light (47)
Scrolls
 g - 10 scrolls of poison
 m - 20 scrolls of teleportation
 o - 12 scrolls of amnesia
 r - 7 scrolls of brand weapon
 s - 8 scrolls of revelation
 u - 2 scrolls of enchant weapon
 v - 19 scrolls of fog
 x - 5 scrolls of silence
 y - 13 scrolls of fear
 J - 3 scrolls of butterflies
 M - 2 scrolls of blinking
 W - 8 scrolls of immolation
Potions
 c - 5 potions of cancellation
 d - 8 potions of might
 j - 11 potions of attraction
 k - 27 potions of curing
 n - 10 potions of ambrosia
 p - 5 potions of heal wounds
 q - 8 potions of invisibility
 t - 5 potions of berserk rage
 w - 11 potions of lignification
 A - 7 potions of resistance
 H - 22 potions of haste
 K - 7 potions of magic
 L - 14 potions of mutation
 N - 11 potions of brilliance
 Z - 5 potions of enlightenment
Miscellaneous
 b - a box of beasts
 e - a phantom mirror
 h - a tin of tremorstones (2/2)
 R - a lightning rod (4/4)
 U - a phial of floods


   Skills:
 O Level 27 Fighting
 O Level 27 Axes
 + Level 6.1(17.6) Maces & Flails
 O Level 27 Armour
 + Level 25.2 Dodging
 - Level 2.8 Shields
 O Level 27 Invocations
 O Level 27 Evocations


You had 26 spell levels left.
You didn't know any spells.
Your spell library contained the following spells:

 Spells                   Type           Power      Damage    Failure   Level
 Apportation              Tloc           0%         N/A       97%         1
 Foxfire                  Conj/Fire      0%         2x1d4     97%         1
 Freeze                   Ice            0%         1d3       97%         1
 Kiss of Death            Conj/Necr      0%         2d5       97%         1
 Magic Dart               Conj           0%         1d3       97%         1
 Necrotise                Necr           0%         1d4       97%         1
 Sandblast                Erth           0%         2d4       97%         1
 Slow                     Hex            0%         N/A       97%         1
 Sting                    Conj/Alch      0%         1d3       97%         1
 Blink                    Tloc           0%         N/A       99%         2
 Cigotuvi's Dreadful Rot  Necr/Alch/Air  0%         N/A       99%         2
 Ensorcelled Hibernation  Hex/Ice        0%         N/A       99%         2
 Jinxbite                 Hex            0%         N/A       99%         2
 Lesser Beckoning         Tloc           0%         N/A       99%         2
 Mercury Vapours          Alch/Air       0%         N/A       99%         2
 Momentum Strike          Conj/Tloc      0%         3d8       99%         2
 Scorch                   Fire           0%         2d5       99%         2
 Static Discharge         Conj/Air       0%         3-3/arc   99%         2
 Sublimation of Blood     Necr           0%         N/A       99%         2
 Confusing Touch          Hex            0%         N/A       100%        3
 Dazzling Flash           Conj/Hex       0%         N/A       100%        3
 Frozen Ramparts          Ice            0%         1d1       100%        3
 Fugue of the Fallen      Necr           0%         N/A       100%        3
 Hailstorm                Conj/Ice       0%         3d5       100%        3
 Inner Flame              Hex/Fire       0%         N/A       100%        3
 Mephitic Cloud           Conj/Alch/Air  0%         N/A       100%        3
 Ozocubu's Armour         Ice            0%         N/A       100%        3
 Passwall                 Erth           0%         N/A       100%        3
 Stone Arrow              Conj/Erth      0%         3d7       100%        3
 Summon Ice Beast         Ice/Summ       0%         N/A       100%        3
 Swiftness                Air            0%         N/A       100%        3
 Teleport Other           Tloc           0%         N/A       100%        3
 Tukima's Dance           Hex            0%         N/A       100%        3
 Vampiric Draining        Necr           0%         2d6       100%        3
 Volatile Blastmotes      Fire/Tloc      0%         2d10      100%        3
 Anguish                  Hex/Necr       0%         N/A       100%        4
 Animate Armour           Summ/Erth      0%         N/A       100%        4
 Animate Dead             Necr           0%         N/A       100%        4
 Brom's Barrelling Bould  Conj/Erth      0%         2d3       100%        4
 Cause Fear               Hex            0%         N/A       100%        4
 Dimensional Bullseye     Hex/Tloc       0%         N/A       100%        4
 Dispel Undead            Necr           0%         3d6       100%        4
 Flame Wave               Conj/Fire      0%         2d4       100%        4
 Fulminant Prism          Conj/Alch      0%         3d5       100%        4
 Ignite Poison            Fire/Alch      0%         N/A       100%        4
 Iskenderun's Mystic Bla Conj/Tloc 0%             2d3        (+2d1     100%        4
 Leda's Liquefaction      Alch/Erth      0%         N/A       100%        4
 Martyr's Knell           Necr/Summ      0%         N/A       100%        4
 Olgreb's Toxic Radiance  Alch           0%         N/A       100%        4
 Passage of Golubria      Tloc           0%         N/A       100%        4
 Petrify                  Alch/Erth      0%         N/A       100%        4
 Sticky Flame             Fire/Alch      0%         2d4       100%        4
 Summon Blazeheart Golem  Fire/Summ      0%         N/A       100%        4
 Vhi's Electric Charge    Tloc/Air       0%         N/A       100%        4
 Alistair's Intoxication  Alch           0%         N/A       100%        5
 Borgnjor's Vile Clutch   Necr/Erth      0%         N/A       100%        5
 Curse of Agony           Necr           0%         N/A       100%        5
 Fireball                 Conj/Fire      0%         3d3       100%        5
 Freezing Cloud           Conj/Ice/Air   0%         6-21      100%        5
 Irradiate                Conj/Alch      0%         3d11      100%        5
 Iskenderun's Battlesphe  Conj           0%         2d6       100%        5
 Lee's Rapid Deconstruct  Erth           0%         3d4*      100%        5
 Metabolic Englaciation   Hex/Ice        0%         N/A       100%        5
 Silence                  Hex/Air        0%         N/A       100%        5
 Summon Mana Viper        Hex/Summ       0%         N/A       100%        5
 Yara's Violent Unravell  Hex/Alch       0%         3d3       100%        5
 Bombard                  Conj/Erth      0%         9d1       100%        6
 Conjure Ball Lightning   Conj/Air       0%         3x3d6     100%        6
 Death Channel            Necr           0%         N/A       100%        6
 Dispersal                Tloc           0%         N/A       100%        6
 Gell's Gavotte           Tloc           0%         2d(11-16) 100%        6
 Permafrost Eruption      Ice/Erth       0%         2x4d1     100%        6
 Plasma Beam              Fire/Air       0%         2x1d10    100%        6
 Sculpt Simulacrum        Ice/Alch       0%         N/A       100%        6
 Starburst                Conj/Fire      0%         6d3       100%        6
 Summon Cactus Giant      Summ           0%         N/A       100%        6
 Enfeeble                 Hex            0%         N/A       100%        7
 Haunt                    Necr/Summ      0%         N/A       100%        7
 Manifold Assault         Tloc           0%         N/A       100%        7
 Orb of Destruction       Conj           0%         9d5       100%        7
 Ozocubu's Refrigeration  Ice            0%         4d7       100%        7
 Spellforged Servitor     Conj/Summ      0%         N/A       100%        7
 Borgnjor's Revivificati  Necr           0%         N/A       100%        8
 Discord                  Hex            0%         N/A       100%        8
 Disjunction              Tloc           0%         N/A       100%        8
 Ignition                 Fire           0%         3d3       100%        8
 Infestation              Necr           0%         N/A       100%        8
 Lehudib's Crystal Spear  Conj/Erth      0%         10d2      100%        8
 Chain Lightning          Conj/Air       0%         N/A       100%        9
 Death's Door             Necr           0%         N/A       100%        9
 Fire Storm               Conj/Fire      0%         5d1       100%        9
 Shatter                  Erth           0%         3d5*      100%        9


Dungeon Overview and Level Annotations

Branches:
Dungeon (15/15)            Temple (1/1) D:6            Lair (5/5) D:11
 Shoals (4/4) Lair:3       Spider (4/4) Lair:2        Slime (5/5) Lair:5
    Orc (2/2) D:12            Elf (3/3) Orc:2        Vaults (5/5) D:14
  Crypt (3/3) Vaults:2       Tomb (0/3) Crypt:3      Depths (4/4) D:15
   Hell (visited)             Dis (5/7) Hell            Geh (7/7) Hell
    Coc (3/7) Hell            Tar (7/7) Hell            Zot (5/5) Depths:4
 Bailey (visited)           IceCv (visited)         Desolation (visited)

Altars:
Ashenzari
Cheibriados
Dithmenos
Elyvilon
Fedhas
Hepliaklqana
Kikubaaqudgha
Makhleb
Nemelex Xobeh
Okawaru
Qazlal
Ru
Sif Muna
Trog
Uskayaw
Vehumet
Wu Jian
Xom
Yredelemnul
Zin
The Shining One
Beogh
Jiyva

Shops:
D:1 !   D:5 *   D:10 [   D:11 :   D:14 ?   Orc:1 [*   Orc:2 :=[*   Elf:1 :*?(!
Elf:2 :[   Vaults:1 *   Vaults:4 !   Zot:5 *

Portals:
Hell: Depths:1 Depths:2 Depths:3 Depths:4
Abyss: Depths:1 Depths:2 Depths:3
Pandemonium: Depths:4
Ziggurat: Depths:3

Annotations:
D:5 1 runed translucent door, Crazy Yiuf
D:6 1 runed translucent door, Konar's ghost, novice CoHu
D:7 Jeremiah
D:10 2 runed translucent doors, 1 transporter
Lair:3 1 runed translucent door, Konar's ghost, journeyman CoHu
Depths:1 1 runed translucent door, exclusion: 3 obsidian statues
Zot:4 2 transporters
Zot:5 1 transporter


Innate Abilities, Weirdness & Mutations

You can wield a second weapon in your off-hand.
It takes a long time for you to wield or remove held weapons.
Your first few attacks do less damage.
You cannot equip rings or amulets.
You have a pair of small horns on your head.
You have supernaturally acute eyesight. (SInv)
Your mind is acute. (Int +4, Str/Dex -1)
You are strong-willed. (Will+)
You are robust. (+10% HP)
You occasionally shout uncontrollably at your foes.
Your muscles are strong. (Str +4, Int/Dex -1)
[You are dopey. (Int -2)]


Message History

* * * LOW HITPOINT WARNING * * *
The iron golem hits you but does no damage.
The iron golem barely misses you. The iron golem misses you.
The iron giant misses you.
Unknown command.
You hit the iron giant but do no damage.
The iron giant is severely wounded.
You slash the iron golem with your +9 broad axe of flaming!
You slice the iron golem with your +9 broad axe of flaming!!
You hit the iron giant but do no damage.
You slash the iron golem with your +9 broad axe of holy wrath!
You hit the iron golem but do no damage.
Unknown command.
You completely miss the iron giant with your +9 broad axe of flaming.
You headbutt the iron giant, but do no damage.
The iron giant is severely wounded.
You hit the iron golem with your +9 broad axe of flaming.
You hit the iron golem but do no damage.
You slice the iron giant with your +9 broad axe of holy wrath!!
You slash the iron golem with your +9 broad axe of holy wrath!
You hit the iron golem but do no damage.
The iron golem hits you.
* * * LOW HITPOINT WARNING * * *
The iron golem closely misses you.
The iron giant points at you and mumbles some strange words.
The iron shot hits you!!!
* * * LOW HITPOINT WARNING * * *
The iron golem barely misses you. The iron golem completely misses you.
Unknown command.
Activating: Cleansing Flame (0% risk of failure)
Press: ? - help, Dir - look around, f - activate The golden flame engulfs you but does no damage.
The golden flame engulfs the iron golem!!
The iron golem is almost destroyed.
The golden flame engulfs the iron giant!!
The iron giant is almost dead.
The golden flame engulfs the iron golem!
The iron golem is severely damaged.
The iron golem hits you!!
You die...

#^...........
##.#.........##
#.............##
#.......#......#
#....#.....#....
#...............
#......99.......
#...#..@ß...#.....
#......C>.........
#................
##...#.....#...#
#......#......###
##...)))..^......
##..))))........
#####.[........
#..).###..#


You could see 2 iron golems and an iron giant.

Vanquished Creatures
  Cerebov (Pan)
  Asmodeus (Geh:7)
  Mnoleg (Pan)
  Ereshkigal (Tar:7)
  the Royal Jelly (Slime:5)
  Lom Lobon (Pan)
  the Serpent of Hell (Geh:7)
  Gloorx Vloq (Pan)
  Tiamat (Zot:3)
  3 dread liches
  Frederick (Crypt:3)
  3 ancient liches (Zot:5)
  Khufu (Crypt:3)
  Mara (Vaults:3)
  Mennas (Vaults:3)
  5 orbs of fire
  A juggernaut (Depths:4)
  9 pandemonium lords (Pan)
  Boris (Crypt:2)
  Bai Suzhen (Vaults:3)
  7 shard shrikes
  8 Killer Klowns
  6 caustic shrikes
  3 curse toes
  Saint Roka (Orc:2)
  10 profane servitors
  Geryon (Hell)
  12 golden dragons
  24 bone dragons
  12 Brimstone Fiends
  32 Tzitzimimeh
  10 doom hounds
  5 electric golems
  6 hellephants
  21 tentacled monstrosities
  5 iron giants
  8 liches
  3 spectral shard shrikes
  A shard shrike zombie (Crypt:1)
  25 Orb Guardians (Zot:5)
  4 Ice Fiends
  7 Hell Sentinels (Pan)
  8 quicksilver dragons
  2 walking earthen tomes (Depths:3)
  25 tainted leviathans
  Asterion (Elf:3)
  4 sphinxes
  13 deep elf blademasters
  An eldritch tentacle (Pan)
  22 titans
  A walking divine tome (Depths:2)
  Murray (Hell)
  36 Executioners (Pan)
  6 deep elf master archers
  14 death cobs
  21 searing wretches
  17 ancient champions
  13 acid blobs
  Frances (D:13)
  Polyphemus (Shoals:2)
  5 tentacled starspawn
  The ghost of Ohem the Peltast, an adept FoFi of Qazlal (Elf:3)
  12 tengu reavers
  10 shadow dragons
  10 storm dragons
  Ilsuiw (Shoals:3)
  2 revenants
  8 draconian monks
  2 fenstrider witches (Pan)
  A daeva (Abyss:2)
  10 rockslimes
  8 draconian knights
  16 demonspawn warmongers (Pan)
  12 protean progenitors
  25 azure jellies
  4 narguns
  3 nagarajas
  7 iron dragons
  2 emperor scorpions
  52 balrugs
  36 fire giants
  6 quicksilver elementals
  6 orc warlords
  6 draconian scorchers
  6 deep elf elementalists
  6 draconian shifters
  An imperial myrmidon (Desolation)
  19 vault wardens
  27 frost giants
  13 deep elf sorcerers
  3 spectral juggernauts
  An angel (Pan)
  4 ghouls
  2 curse skulls (Pan)
  7 ghost moths
  29 reapers
  A juggernaut zombie (Crypt:2)
  2 spectral caustic shrikes
  25 cacodemons (Pan)
  8 draconian annihilators
  19 demonspawn corrupters (Pan)
  14 juggernaut skeletons
  6 quicksilver oozes
  A spriggan defender (Depths:3)
  16 very ugly things
  5 draconian stormcallers
  17 ironbound preservers
  25 demonspawn blood saints (Pan)
  8 formless jellyfish
  4 broodmothers
  33 stone giants
  7 caustic shrike skeletons
  4 vampire knights
  13 ironbound thunderhulks
  13 green draconians
  9 black draconians
  6 deep elf demonologists
  10 dire elephants
  A halazid warlock (Desolation)
  10 deep elf annihilators
  A spectral titan (Tar:4)
  19 putrid mouths
  19 war gargoyles
  10 white draconians
  10 deep elf death magi
  14 red draconians
  27 lorocyprocas
  2 elemental wellsprings
  12 spark wasps
  14 yellow draconians
  4 wendigos
  21 demonspawn black suns (Pan)
  25 green deaths
  11 purple draconians
  16 ettins
  10 iron golems
  2 mummy priests (Crypt:3)
  11 fire dragons
  5 crystal guardians
  18 jiangshi
  11 eidola
  7 merfolk impalers
  8 merfolk javelineers
  22 blizzard demons
  5 ragged hierophants (Desolation)
  2 spectral quicksilver dragons
  13 great orbs of eyes
  10 deep elf high priests
  7 spectral spriggans
  8 rakshasas
  4 spriggan air magi
  11 ice dragons
  The ghost of Ulimokki the Arsonist, a journeyman MDFE of Sif Muna (Lair:2)
  5 entropy weavers
  8 hell beasts
  12 yaktaur captains
  13 servants of whispers
  7 peacekeepers
  A spriggan zombie (Crypt:2)
  Harold (D:10)
  12 salamander tyrants
  34 vault guards
  5 hydras
  A catoblepas (Shoals:2)
  18 centaur warriors
  7 ogre magi
  15 boulder beetles
  2 juggernaut simulacra
  5 jorogumos
  5 merfolk avatars
  6 ironbound frosthearts
  18 two-headed ogres
  5 stokers
  29 dancing weapons
  5 tengu warriors
  7 death knights
  4 merfolk aquamancers
  2 radroaches
  9 deep troll earth magi
  20 demonic crawlers
  3 death yaks (Shoals:2)
  6 satyrs
  14 deep troll shamans
  8 occultists
  A storm dragon zombie (Vaults:4)
  40 hell hogs
  6 spectral nagas
  11 thrashing horrors
  31 deep elf knights
  39 hell knights
  Sonja (D:10)
  47 soul eaters
  7 spriggan berserkers
  3 vampire magi
  A spectral storm dragon (Tar:1)
  130 sun demons
  24 shadow wraiths
  6 orc high priests
  14 crystal echidnas
  11 iron trolls
  5 skysharks
  6 hellephant skeletons (Pan)
  5 wretched stars
  A fire crab (Shoals:1)
  2 bunyip zombies (Crypt:2)
  4 flayed ghosts
  34 sixfirhies
  3 spectral anacondas
  13 sea snakes
  3 pharaoh ants
  27 skeletal warriors
  34 deep elf archers
  2 ghost moth zombies
  4 mana vipers
  8 glowing orange brains
  13 sun moths (Pan)
  14 shadow demons (Pan)
  52 deep trolls
  5 arcanists
  A swamp dragon (Abyss:3)
  12 orb spiders
  A mana viper (shapeshifter) (Vaults:5)
  A bunyip skeleton (Crypt:1)
  9 bog bodies
  2 obsidian bats (Orc:2)
  A spectral wolf spider (D:13)
  A steelbarb worm (shapeshifter) (Vaults:5)
  2 thermic dynamos
  2 spriggan simulacra
  A spectral hydra (Tar:1)
  Pikel (D:6)
  15 ironbound convokers
  19 orc knights
  A shadow dragon zombie (Tar:3)
  10 phantasmal warriors
  7 oklob plants
  10 steelbarb worms
  41 deep elf zephyrmancers
  20 wolf spiders
  A tengu skeleton (Vaults:3)
  52 deep elf pyromancers
  A tengu zombie (Depths:2)
  21 harpies
  15 necromancers
  14 fauns
  2 worldbinders (Abyss:3)
  A shining eye (shapeshifter) (Depths:4)
  A sphinx simulacrum (Vaults:3)
  3 spectral ettins
  34 ugly things
  3 cyclopes
  18 manticores
  7 orc sorcerers
  2 shadow dragon skeletons
  Maurice (D:10)
  2 salamanders
  37 moths of wrath
  2 shining eyes (Slime:1)
  2 fauns (shapeshifter)
  An iron dragon skeleton (Dis:5)
  13 meliai
  8 elephants
  9 rust devils
  A human skeleton (Vaults:3)
  A stone giant skeleton (Crypt:1)
  Joseph (D:7)
  11 merfolk sirens
  4 eyes of devastation
  2 black mambas
  2 ice statues (IceCv)
  3 apocalypse crabs (Abyss:3)
  2 centaur zombies (D:13)
  15 molten gargoyles
  7 water nymphs
  75 smoke demons
  5 kobold blastminers
  2 guardian serpents
  2 titan simulacra (Coc:2)
  A dire elephant skeleton (Crypt:2)
  30 orange demons
  19 vault sentinels
  A gargoyle (D:12)
  63 large abominations
  A cane toad (shapeshifter) (D:14)
  A centaur skeleton (D:13)
  3 storm dragon simulacra (Coc:1)
  26 hellions
  6 torpor snails
  13 cane toads
  3 rime drakes
  20 efreet
  6 unseen horrors
  12 komodo dragons
  Maggie (D:9)
  9 ice devils
  A death yak zombie (Crypt:1)
  Psyche (D:10)
  15 freezing wraiths
  7 guardian mummies (Crypt:3)
  32 yaktaurs
  7 ancient zymes
  An unseen horror skeleton (Crypt:2)
  37 tormentors
  4 anaconda simulacra
  A yellow draconian skeleton (Crypt:2)
  A harpy zombie (Crypt:3)
  27 merfolk
  17 hellwings (Pan)
  8 trolls
  6 spectral harpies
  8 red devils
  22 wind drakes
  A polar bear (shapeshifter) (D:15)
  A tengu simulacrum (Depths:2)
  4 dream sheep (Lair:5)
  7 polar bears
  14 raiju
  A sea snake skeleton (Crypt:2)
  19 tarantellas
  47 saltlings
  13 hornets
  A death drake skeleton (Crypt:2)
  31 jumping spiders
  19 blink frogs
  10 snapping turtles
  A spectral black mamba (Tar:1)
  7 glass eyes
  3 iron dragon simulacra
  3 stone giant simulacra
  An ice dragon skeleton (Crypt:1)
  90 slime creatures
  8 water elementals
  44 ynoxinuls
  9 dire elephant simulacra
  5 shadows
  13 wraiths
  A spriggan (Depths:1)
  7 small abominations
  4 air elementals
  91 yaks
  27 culicivoras
  An elf zombie (Vaults:4)
  4 wyverns
  An ettin skeleton (Vaults:4)
  5 wargs (Orc:2)
  3 basilisks
  27 starcursed masses
  3 fire elementals
  2 fire bats (Shoals:1)
  10 golden eyes
  18 humans (D:14)
  36 neqoxecs
  A basilisk (shapeshifter) (Abyss:3)
  23 chaos spawn (Pan)
  72 redbacks
  2 vampire mosquitoes (D:15)
  4 death yak simulacra (D:12)
  8 harpy simulacra
  3 steam dragons
  A swamp worm (shapeshifter) (Elf:3)
  An acid dragon (shapeshifter) (Elf:3)
  8 water moccasins
  A glowing shapeshifter skeleton (Crypt:2)
  4 hydra simulacra
  Duvessa (D:5)
  7 hell hounds
  A black bear (Lair:2)
  A black mamba simulacrum (Coc:2)
  54 orc warriors
  3 sky beasts
  39 laughing skulls
  An ice beast (D:7)
  2 ettin simulacra
  25 ogres
  14 wolves
  4 boggarts (Vaults:2)
  3 centaurs
  3 phantoms
  4 lemures (D:6)
  3 weeping skulls (Crypt:3)
  3 kobold brigands
  13 bullfrogs
  3 earth elementals
  A naga simulacrum (Hell)
  3 scorpions (D:5)
  A cyclops skeleton (Crypt:1)
  4 burial acolytes (Crypt:3)
  A wyvern skeleton (Crypt:2)
  7 wights
  Dowan (D:5)
  3 troll zombies (D:12)
  12 killer bees
  3 elephant simulacra (D:12)
  An electric eel (Lair:5)
  8 howler monkeys
  A quasit (Abyss:2)
  3 hounds
  28 orc priests
  2 gnoll boudas (D:6)
  An iron imp (Abyss:3)
  10 jellies
  2 bullfrog skeletons
  A sleepcap (D:5)
  Jessica (D:3)
  3 iguanas
  11 hell rats
  21 orc wizards
  A boggart skeleton (D:13)
  3 ogre zombies (D:12)
  A brain worm zombie (Crypt:2)
  18 gnolls
  13 adders
  3 white imps
  2 hell rat simulacra (D:12)
  7 ufetubi
  An adder skeleton (Crypt:2)
  5 dart slugs
  A ribbon worm (D:2)
  134 orcs
  6 bats
  4 endoplasms
  3 giant cockroaches
  A gnoll zombie (D:12)
  22 goblins
  13 hobgoblins
  5 quokkas
  10 ball pythons
  A ball python skeleton (Crypt:1)
  5 gnoll skeletons (D:12)
  22 kobolds
  2 orc skeletons (D:12)
  11 orc zombies (D:12)
  A quokka skeleton (Crypt:1)
  7 rats
  4 aspiring fleshes
  4 creeping infernos
  13 fire vortices
  A lurking horror (Abyss:3)
  3 spectral weapons (Elf:3)
  7 starspawn tentacles
4625 creatures vanquished.

Vanquished Creatures (collateral kills)
  A sun moth (Pan)
1 creature vanquished.

Vanquished Creatures (others)
  An angel (Pan)
  2 deep elf annihilators (Pan)
  A spark wasp (Pan)
  A rakshasa (Pan)
  A hydra (D:12)
  A spriggan simulacrum (Coc:1)
  A quicksilver dragon simulacrum (Coc:2)
  A torpor snail (Spider:3)
  A black mamba (Lair:5)
  An anaconda simulacrum (Coc:1)
  2 wind drakes (Pan)
  A stone giant simulacrum (Coc:2)
  3 harpy simulacra
  An orc (Elf:2)
  9 ball lightnings (Pan)
  2 creeping infernos
  A fire vortex (Geh:5)
  12 spectral weapons
  3 starspawn tentacles (Abyss:3)
45 creatures vanquished.

Grand Total: 4671 creatures vanquished

Notes
Turn   | Place    | Note
-------+----------+-------------------------------------------
     0 | D:1      | DEFE the Coglin Fighter began the quest for the Orb.
     0 | D:1      | Reached XP level 1. HP: 18/18 MP: 1/1
   158 | D:1      | Reached XP level 2. HP: 24/24 MP: 2/2
   505 | D:1      | Found Xubraiwn's Distillery.
   662 | D:1      | Reached XP level 3. HP: 29/29 MP: 3/3
  1268 | D:2      | Found a white marble altar of Elyvilon.
  1461 | D:3      | Found a faded altar of an unknown god.
  1494 | D:3      | Noticed Jessica
  1498 | D:3      | Killed Jessica
  1499 | D:3      | Reached XP level 4. HP: 35/35 MP: 4/4
  1685 | D:3      | Reached XP level 5. HP: 42/42 MP: 5/5
  2377 | D:4      | Noticed an ogre
  2383 | D:4      | Killed an ogre
  2384 | D:4      | Reached skill level 5 in Axes
  2384 | D:4      | Reached XP level 6. HP: 35/48 MP: 6/6
  2453 | D:4      | Found a burning altar of Makhleb.
  2717 | D:4      | Reached XP level 7. HP: 53/53 MP: 7/7
  2870 | D:5      | Entered Level 5 of the Dungeon
  2938 | D:5      | Found Azoezad's Neck Hole.
  3123 | D:5      | Reached XP level 8. HP: 44/60 MP: 8/8
  3320 | D:5      | Noticed Duvessa
  3321 | D:5      | Noticed Dowan
  3327 | D:5      | Killed Duvessa
  3330 | D:5      | Killed Dowan
  3635 | D:5      | Found a bloodstained altar of Trog.
  3963 | D:5      | Found a runed translucent door.
  3964 | D:5      | Noticed Crazy Yiuf
  4465 | D:6      | Found a staircase to the Ecumenical Temple.
  4542 | Temple   | Entered the Ecumenical Temple
  4555 | Temple   | Became a worshipper of Warmaster Okawaru
  4739 | D:6      | Reached skill level 1 in Invocations
  4898 | D:6      | Reached skill level 10 in Axes
  4941 | D:6      | Reached XP level 9. HP: 36/65 MP: 10/10
  5217 | D:6      | Found a runed translucent door.
  5218 | D:6      | Noticed Konar's ghost (novice CoHu)
  5232 | D:6      | Found a sacrificial altar of Ru.
  6148 | D:7      | Noticed Jeremiah
  6185 | D:7      | Noticed Pikel
  6226 | D:6      | Killed Pikel
  6226 | D:6      | Reached * piety under Okawaru
  6446 | D:7      | Noticed Joseph
  6457 | D:7      | Killed Joseph
  6458 | D:7      | Reached ** piety under Okawaru
  6565 | D:7      | Reached skill level 5 in Evocations
  6826 | D:8      | Found a basalt altar of Yredelemnul.
  6854 | D:8      | Reached XP level 10. HP: 70/71 MP: 13/13
  7080 | D:8      | Reached skill level 5 in Invocations
  7514 | D:8      | Identified a scroll of acquirement
  7514 | D:8      | Acquired the +9 broad axe of Purpose {drain, ^Drain rF+ rC+
                  | Int+2}
  7610 | D:8      | Found an ornate altar of the Wu Jian Council.
  7864 | D:9      | Found a flagged portal.
  7887 | Bailey   | Entered a bailey
  8014 | Bailey   | Reached *** piety under Okawaru
  8078 | Bailey   | Noticed an orc warlord
  8094 | Bailey   | Killed an orc warlord
  8094 | Bailey   | Reached **** piety under Okawaru
  8357 | Bailey   | Acquired 848 gold pieces
  8422 | D:9      | Found a snail-covered altar of Cheibriados.
  8577 | D:9      | Reached XP level 11. HP: 67/76 MP: 15/15
  8817 | D:9      | Noticed Maggie
  8826 | D:9      | Killed Maggie
  9019 | D:10     | Entered Level 10 of the Dungeon
  9095 | D:10     | Found a broken altar of Ashenzari.
  9127 | D:10     | Found Neadok's Antique Armour Boutique.
  9163 | D:10     | Bought a faintly glowing scarf for 280 gold pieces
  9163 | D:10     | Identified the scarf of Teics {shadows, Str-2 Int+7} (You
                  | bought it in a shop on level 10 of the Dungeon)
  9223 | D:10     | Noticed Sonja
  9226 | D:10     | Noticed Harold
  9229 | D:10     | Noticed Maurice
  9232 | D:10     | Killed Sonja
  9236 | D:10     | Killed Harold
  9236 | D:10     | Reached ***** piety under Okawaru
  9237 | D:10     | Killed Maurice
  9237 | D:10     | Received a gift from Okawaru
  9238 | D:10     | Reached skill level 10 in Evocations
  9434 | D:10     | Found a large runed translucent door.
  9436 | D:10     | Found a large runed translucent door.
  9464 | D:10     | Found a large runed translucent door.
  9464 | D:10     | Noticed a boulder beetle
  9466 | D:10     | Found a large runed translucent door.
  9466 | D:10     | Noticed a deep elf pyromancer
  9623 | D:10     | Noticed a manticore
  9625 | D:10     | Noticed an orc knight
  9627 | D:10     | Noticed an ogre mage
  9627 | D:10     | Noticed a manticore
  9630 | D:10     | Killed an orc knight
  9631 | D:10     | Killed a manticore
  9632 | D:10     | Killed a manticore
  9634 | D:10     | Killed an ogre mage
  9700 | D:10     | Found a radiant altar of Vehumet.
  9700 | D:10     | Noticed Psyche
  9705 | D:10     | Killed Psyche
  9713 | D:10     | Reached XP level 12. HP: 56/83 MP: 15/17
  9715 | D:10     | Received a gift from Okawaru
  9877 | D:10     | Found a white marble altar of Elyvilon.
  9947 | D:10     | Found a sparkling altar of Nemelex Xobeh.
  9947 | D:10     | Found a transporter.
  9947 | D:10     | Noticed a centaur warrior
  9947 | D:10     | Noticed a stone giant
 10204 | D:10     | Noticed a centaur warrior
 10211 | D:10     | Killed a centaur warrior
 10429 | D:10     | Noticed a two-headed ogre
 10432 | D:10     | Killed a two-headed ogre
 10695 | D:10     | Killed a boulder beetle
 10700 | D:10     | Acquired 1350 gold pieces
 10703 | D:10     | Got the Discursus on Transmutation
 10922 | D:11     | Found Cuuskos's Book Shop.
 10925 | D:11     | Paralysed by a hornet for 3 turns
 11101 | D:11     | Noticed a boulder beetle
 11130 | D:11     | Killed a boulder beetle
 11130 | D:11     | Received a gift from Okawaru
 11226 | D:11     | Found a staircase to the Lair.
 11511 | D:11     | Noticed an ogre mage
 11518 | D:11     | Killed an ogre mage
 11739 | D:11     | Paralysed by a hornet for 2 turns
 11963 | Lair:1   | Entered Level 1 of the Lair of Beasts
 11983 | Lair:1   | Reached XP level 13. HP: 26/88 MP: 18/20
 12055 | Lair:1   | Received a gift from Okawaru
 12398 | Lair:1   | Reached skill level 15 in Axes
 12713 | Lair:1   | Reached skill level 10 in Invocations
 13137 | Lair:2   | Found a runed translucent gate.
 13137 | Lair:2   | Found a runed translucent gate.
 13138 | Lair:2   | Found a runed translucent gate.
 13152 | Lair:2   | Received a gift from Okawaru
 13227 | Lair:2   | Noticed Ulimokki's ghost (journeyman MDFE)
 13230 | Lair:2   | Found a viscous altar of Jiyva.
 13277 | Lair:2   | Killed Ulimokki's ghost
 13320 | Lair:2   | Identified the +0 helmet "Ulihar" {Dex+3}
 13985 | Lair:2   | Found a hole to the Spider Nest.
 14410 | Lair:3   | Reached skill level 15 in Evocations
 14458 | Lair:3   | Found a staircase to the Shoals.
 14855 | Lair:3   | Identified the +6 scale mail of Xiucegik {rC+ Dex+2}
 14926 | Lair:3   | Found a runed translucent door.
 15159 | Lair:3   | Noticed Konar's ghost (journeyman CoHu)
 15463 | Lair:4   | Reached XP level 14. HP: 95/95 MP: 21/21
 15463 | Lair:4   | Acquired a N-10 retromatrix {Rampage Acrobat rElec rF+}
 15467 | Lair:4   | Received a gift from Okawaru
 15722 | Lair:4   | Reached skill level 5 in Armour
 16071 | Lair:5   | Entered Level 5 of the Lair of Beasts
 16332 | Lair:4   | Received a gift from Okawaru
 16366 | Lair:4   | Reached skill level 5 in Fighting
 17472 | Lair:5   | Found a viscous altar of Jiyva.
 17483 | Lair:5   | Found a staircase to the Slime Pits.
 17514 | Lair:5   | Received a gift from Okawaru
 18169 | D:12     | Found a staircase to the Orcish Mines.
 18267 | D:12     | Reached XP level 15. HP: 56/107 MP: 19/22
 18617 | D:12     | Reached ****** piety under Okawaru
 18622 | D:12     | Acquired a +1 broad axe of freezing
 18622 | D:12     | Received a gift from Okawaru
 18630 | D:12     | Acquired the +2 pair of boots of Reusch Cycatz {Will+
                  | Slay+3}
 18630 | D:12     | Received a gift from Okawaru
 18639 | D:12     | Received a gift from Okawaru
 18985 | Orc:1    | Entered Level 1 of the Orcish Mines
 19030 | Orc:1    | Found a frozen archway.
 19053 | IceCv    | Entered an ice cave
 19524 | IceCv    | Received a gift from Okawaru
 19916 | Orc:1    | Found Guese's General Store.
 19920 | Orc:1    | Found Ysiklen's Armour Emporium.
 20082 | Orc:1    | Found Vosen's Specific Store.
 20086 | Orc:1    | Bought a scroll of identify for 34 gold pieces
 20096 | Orc:1    | Bought a scroll of identify for 34 gold pieces
 20096 | Orc:1    | Bought a scroll of identify for 34 gold pieces
 20096 | Orc:1    | Bought a scroll of revelation for 127 gold pieces
 20096 | Orc:1    | Bought a scroll of identify for 34 gold pieces
 20096 | Orc:1    | Bought 2 scrolls of enchant weapon for 255 gold pieces
 20391 | Orc:1    | You fall into a shaft and drop 1 floor!
 20391 | Orc:2    | Entered Level 2 of the Orcish Mines
 20393 | Orc:2    | Noticed Saint Roka
 21131 | Orc:2    | Received a gift from Okawaru
 21332 | Orc:2    | Found a staircase to the Elven Halls.
 21442 | Orc:2    | Noticed an orc warlord
 21451 | Orc:2    | Found Qunn's Jewellery Shop.
 21464 | Orc:2    | Killed an orc warlord
 21617 | Orc:2    | Found a roughly hewn altar of Beogh.
 21631 | Orc:2    | Killed Saint Roka
 22030 | Orc:2    | Found Kovvor's Book Emporium.
 22226 | Orc:2    | Found a roughly hewn altar of Beogh.
 22449 | Orc:2    | Reached XP level 16. HP: 117/120 MP: 23/23
 22468 | Orc:2    | Found Izionnivo's Assorted Antiques.
 22542 | Orc:2    | Found Puydops's Armour Shop.
 22544 | Orc:2    | Received a gift from Okawaru
 22935 | D:13     | Noticed Frances
 22946 | D:13     | Killed Frances
 23376 | D:13     | Found a hide-covered altar of Uskayaw.
 23815 | D:14     | Found the -2 hat of the Alchemist {rElec rPois rF+ rC+ rN+
                  | Will+ rMut rCorr}
 23948 | D:14     | Identified the +2 mace of Descent {spect, *Slow Int+5}
 24099 | D:14     | Received a gift from Okawaru
 24130 | D:14     | Identified the +7 falchion of Doptez {heavy, *Rage rF++
                  | Will++}
 24524 | D:14     | Found a gate to the Vaults.
 24532 | D:14     | Reached skill level 10 in Fighting
 25064 | D:14     | Found Couteot's Magic Scroll Boutique.
 25067 | D:14     | Bought a scroll of teleportation for 51 gold pieces
 25067 | D:14     | Bought a scroll of enchant weapon for 127 gold pieces
 25067 | D:14     | Bought a scroll of revelation for 127 gold pieces
 25067 | D:14     | Bought a scroll of revelation for 127 gold pieces
 25067 | D:14     | Bought a scroll of teleportation for 51 gold pieces
 25154 | D:15     | Entered Level 15 of the Dungeon
 25569 | D:15     | Received a gift from Okawaru
 25979 | D:15     | Found a staircase to the Depths.
 26167 | D:15     | Reached skill level 10 in Armour
 26671 | Spider:1 | Entered Level 1 of the Spider Nest
 26880 | Spider:1 | Received a gift from Okawaru
 27112 | Spider:1 | Reached XP level 17. HP: 123/130 MP: 24/24
 28448 | Spider:2 | Received a gift from Okawaru
 29399 | Spider:3 | Received a gift from Okawaru
 30008 | Spider:3 | Received a gift from Okawaru
 30606 | Spider:4 | Entered Level 4 of the Spider Nest
 30909 | Spider:4 | Reached XP level 18. HP: 105/142 MP: 25/25
 31057 | Spider:4 | Received a gift from Okawaru
 31965 | Spider:4 | Got a gossamer rune of Zot
 32180 | Shoals:1 | Entered Level 1 of the Shoals
 32287 | Shoals:1 | Received a gift from Okawaru
 33030 | Shoals:1 | Acquired a manual of Armour
 33298 | Shoals:2 | Noticed Polyphemus
 33316 | Shoals:2 | Killed Polyphemus
 33636 | Shoals:2 | Received a gift from Okawaru
 34047 | Shoals:3 | Noticed Ilsuiw
 34074 | Shoals:3 | Killed Ilsuiw
 34188 | Shoals:3 | Reached XP level 19. HP: 153/153 MP: 26/26
 35073 | Shoals:4 | Entered Level 4 of the Shoals
 35076 | Shoals:4 | Reached XP level 20. HP: 160/160 MP: 27/27
 35077 | Shoals:4 | Paralysed by a formless jellyfish for 1 turns
 35362 | Shoals:4 | Received a gift from Okawaru
 35449 | Shoals:4 | Reached skill level 15 in Armour
 35503 | Shoals:4 | Got a barnacled rune of Zot
 35603 | Shoals:4 | Reached skill level 15 in Fighting
 35608 | Shoals:4 | Got the Tome of Vapour
 36795 | Vaults:1 | Entered Level 1 of the Vaults
 37191 | Vaults:1 | Received a gift from Okawaru
 37222 | Vaults:1 | Got the Discourse on Intense Generation
 37228 | Vaults:1 | Identified the ring "Nukehoxu" {rC+ Str+3}
 37786 | Vaults:1 | Found Ociggakil's General Store.
 37797 | Vaults:1 | Bought a scroll of silence for 190 gold pieces
 38210 | Vaults:2 | Received a gift from Okawaru
 38287 | Vaults:2 | Found a crumbling gateway.
 38300 | Desolati | Entered the Desolation of Salt
 38323 | Desolati | Identified the +4 robe "Omycue" {rF+ MP+9 Slay+2}
 38387 | Desolati | Identified the +0 short sword "Ymnim" {pain, rF++}
 38402 | Desolati | Identified the +4 battleaxe "Goblin's Foe" {elec, rPois
                  | Int+3}
 38496 | Desolati | Identified the ring "Geisu Waock" {+Blink rElec rC+ Str-2
                  | Stlth-}
 38503 | Desolati | Reached XP level 21. HP: 171/171 MP: 21/28
 38505 | Desolati | Received a gift from Okawaru
 38554 | Desolati | Got the Annotations on Stygian Transmogrification
 38565 | Desolati | Identified the amulet "Piuzyoxt" {Faith Slay+2}
 38567 | Desolati | Identified the staff "Atayluw" {rF+ Str+5 Int+3 Fire}
 39158 | Desolati | Got Sif Muna's Teachings on Geological Hypothermia
 39162 | Desolati | Identified the +4 scale mail of the Gate {Fly rPois}
 39163 | Desolati | Identified the +1 leather armour of Starshine {rN++}
 39363 | Vaults:2 | Received a gift from Okawaru
 39474 | Vaults:2 | You fall into a shaft and drop 1 floor!
 39478 | Vaults:3 | Paralysed by a formless jellyfish for 1 turns
 39537 | Vaults:3 | Found a flickering gateway to a bazaar.
 39549 | Bazaar   | Entered a bazaar
 39553 | Bazaar   | Found Lotosua's Assorted Antiques.
 39579 | Bazaar   | Found Voadeukh's Jewellery Emporium.
 39606 | Bazaar   | Found Suvven's Magic Scroll Boutique.
 39622 | Bazaar   | Found Meurghemyn's Book Emporium.
 39676 | Bazaar   | Bought a scroll of blinking for 82 gold pieces
 39676 | Bazaar   | Bought a scroll of enchant weapon for 82 gold pieces
 39676 | Bazaar   | Bought a scroll of fear for 44 gold pieces
 39676 | Bazaar   | Bought a scroll of blinking for 82 gold pieces
 39676 | Bazaar   | Bought a scroll of teleportation for 33 gold pieces
 39727 | Bazaar   | Bought a scroll of revelation for 120 gold pieces
 40041 | Vaults:3 | Noticed Mara
 40047 | Vaults:3 | Noticed DEFE's illusion
 40049 | Vaults:3 | Killed Mara
 40107 | Vaults:3 | Noticed Bai Suzhen
 40122 | Vaults:3 | Killed Bai Suzhen
 40122 | Vaults:3 | Received a gift from Okawaru
 40122 | Vaults:3 | Noticed Mennas
 40152 | Vaults:3 | Killed Mennas
 41146 | Vaults:3 | Reached XP level 22. HP: 174/182 MP: 27/29
 41718 | Vaults:2 | Received a gift from Okawaru
 42215 | Vaults:2 | Found a staircase to the Crypt.
 42693 | Vaults:4 | Found Foghibb's Distillery.
 42712 | Vaults:4 | Bought a potion of curing for 63 gold pieces
 42712 | Vaults:4 | Bought a potion of mutation for 168 gold pieces
 42712 | Vaults:4 | Bought a potion of curing for 63 gold pieces
 42712 | Vaults:4 | Bought a potion of haste for 210 gold pieces
 42712 | Vaults:4 | Bought a potion of haste for 210 gold pieces
 42712 | Vaults:4 | Bought a potion of enlightenment for 105 gold pieces
 42712 | Vaults:4 | Bought a potion of berserk rage for 105 gold pieces
 43198 | Vaults:4 | Received a gift from Okawaru
 43911 | Elf:1    | Entered Level 1 of the Elven Halls
 43987 | Elf:1    | Found Izoah's Book Shoppe.
 43991 | Elf:1    | Found Hewoerph's Magic Scroll Emporium.
 43991 | Elf:1    | Found Ymyicole's General Store.
 44023 | Elf:1    | Found Tuag's Antique Weapon Emporium.
 44028 | Elf:1    | Bought a scroll of teleportation for 57 gold pieces
 44034 | Elf:1    | Bought a scroll of enchant weapon for 120 gold pieces
 44034 | Elf:1    | Bought a scroll of enchant armour for 120 gold pieces
 44034 | Elf:1    | Bought a scroll of fear for 64 gold pieces
 44052 | Elf:1    | Reached XP level 23. HP: 192/192 MP: 30/30
 44263 | Elf:1    | Found Voangeuc's Distillery.
 44333 | Elf:1    | Reached skill level 27 in Evocations
 44345 | Elf:1    | Received a gift from Okawaru
 45294 | Elf:2    | Found Suhuig's Book Boutique.
 45329 | Elf:1    | Identified the +2 pair of boots of Infinity {Rampage Will+
                  | Int+4}
 45333 | Elf:1    | Bought a potion of heal wounds for 80 gold pieces
 45333 | Elf:1    | Bought a potion of heal wounds for 80 gold pieces
 45333 | Elf:1    | Bought a potion of invisibility for 128 gold pieces
 45333 | Elf:1    | Bought a potion of berserk rage for 80 gold pieces
 45333 | Elf:1    | Bought a potion of heal wounds for 80 gold pieces
 45374 | Elf:2    | Found Werof's Antique Armour Boutique.
 45379 | Elf:2    | Bought a masterwork helmet for 228 gold pieces
 45379 | Elf:2    | Identified the +0 helmet "Fulyo" {+Blink rElec rF- Int-3}
                  | (You bought it in a shop on level 2 of the Elven Halls)
 45383 | Elf:2    | Bought an embroidered cloak for 180 gold pieces
 45621 | Elf:2    | Found a runed translucent gate.
 45622 | Elf:2    | Found a runed translucent gate.
 45622 | Elf:2    | Found a runed translucent gate.
 46063 | Elf:2    | Received a gift from Okawaru
 46167 | Elf:2    | Identified the blade talisman of Refuge {rCorr Int+4 Dex-5
                  | Stlth+}
 46279 | Elf:3    | Entered Level 3 of the Elven Halls
 46423 | Elf:3    | Found a runed translucent door.
 46423 | Elf:3    | Noticed Ohem's ghost (adept FoFi)
 46429 | Elf:3    | Noticed Asterion
 46445 | Elf:3    | Killed Asterion
 46901 | Elf:3    | Received a gift from Okawaru
 47006 | Elf:3    | Identified the +6 eveningstar "Geetojips" {flame, rN+++
                  | rCorr MP-9 SInv}
 47019 | Elf:3    | Identified the +10 battleaxe "Zarch" {spect, Str+5}
 47621 | Elf:3    | Reached XP level 24. HP: 193/206 MP: 29/30
 47781 | Elf:3    | Killed Ohem's ghost
 47916 | Elf:3    | Found the +3 hat of Pondering {ponderous, Will+ MP+10
                  | Int+5}
 47944 | Elf:3    | Identified the staff of the Freezing God {rPois rC+++ rN++
                  | Str-3 Alchemy}
 47972 | Elf:3    | Identified the staff of Leqikorgh {Fly rN+ Int+3 Dex+3 SInv
                  | Necro}
 48304 | Depths:1 | Entered Level 1 of the Depths
 48329 | Depths:1 | Found a one-way gate to the infinite horrors of the Abyss.
 48346 | Depths:1 | Received a gift from Okawaru
 48570 | Depths:1 | Found a runed translucent door.
 48751 | Depths:1 | Found a gateway to Hell.
 49074 | Depths:1 | You fall into a shaft and drop 1 floor!
 49176 | Depths:2 | Received a gift from Okawaru
 49648 | Depths:2 | Acquired a manual of Axes
 50143 | Depths:1 | Found the ring of the Mage {Wiz Archmagi}
 50203 | Depths:3 | Found a one-way gateway to a ziggurat.
 50276 | Depths:3 | Found a glowing golden altar of the Shining One.
 50288 | Depths:3 | Received a gift from Okawaru
 50459 | Depths:3 | Found a glowing silver altar of Zin.
 50616 | Depths:3 | Found a portal to a secret trove of treasure.
 50633 | Depths:3 | Reached XP level 25. HP: 217/217 MP: 30/30
 51138 | Depths:3 | You paid a toll of a +5 demon whip to enter a treasure
                  | trove
 51139 | Trove    | Entered a treasure trove
 51671 | Depths:4 | Entered Level 4 of the Depths
 51912 | Depths:4 | Found a blossoming altar of Fedhas.
 51961 | Depths:4 | Received a gift from Okawaru
 52078 | Depths:4 | Noticed a juggernaut
 52088 | Depths:4 | Killed a juggernaut
 52248 | Depths:4 | Found a gate to the Realm of Zot.
 52646 | Depths:4 | Received a gift from Okawaru
 52686 | Depths:4 | Found a one-way gate leading to the halls of Pandemonium.
 53017 | Vaults:5 | Entered Level 5 of the Vaults
 53140 | Vaults:5 | Reached XP level 26. HP: 231/231 MP: 30/30
 53264 | Vaults:5 | Received a gift from Okawaru
 53323 | Vaults:5 | Got a silver rune of Zot
 53455 | Vaults:5 | Identified the +1 scale mail of Digyf Udgh {rF+++ Will+
                  | Int+3 Dex-2}
 53577 | Vaults:5 | Noticed a dread lich
 53582 | Vaults:5 | Killed a dread lich
 53679 | Vaults:5 | Identified the +3 great sword of the Distant Future
                  | {freeze, rPois rF+ rCorr}
 53697 | Vaults:5 | Received a gift from Okawaru
 53969 | Vaults:5 | Got the Grimoire of Inauspicious Damage
 54087 | Vaults:5 | Identified the +0 morningstar of Majestic Purpose {elec,
                  | rElec rC++ Will+}
 54135 | Vaults:5 | Found the ring of the Tortoise {AC+8}
 54140 | Vaults:5 | Identified the +1 whip "Rodipn" {drain, Will+ Stlth+}
 54739 | Crypt:1  | Entered Level 1 of the Crypt
 55700 | Crypt:2  | Identified the +4 robe of Lugonu, Wizarding {Harm Dex+5}
 55700 | Crypt:2  | Noticed Boris
 55708 | Crypt:2  | Killed Boris
 55783 | Crypt:2  | Received a gift from Okawaru
 56582 | Crypt:2  | Reached XP level 27. HP: 242/242 MP: 30/30
 56917 | Crypt:3  | Entered Level 3 of the Crypt
 56935 | Crypt:3  | Received a gift from Okawaru
 57125 | Crypt:3  | Found an ancient bone altar of Kikubaaqudgha.
 57394 | Crypt:3  | Identified the staff of Eheiv {rF+ MP+9 Str-3 Dex+4 Fire}
 57395 | Crypt:3  | Identified the staff "Nuixzyrr" {rPois rF- Will- Str+9
                  | Necro Alchemy}
 57519 | Crypt:3  | Found a staircase to the Tomb.
 57519 | Crypt:3  | Noticed Khufu
 57530 | Crypt:3  | Killed Khufu
 57841 | Crypt:3  | Identified the staff of Chagrin {rC+ Str+4 Stlth+ Ice}
 57859 | Crypt:3  | Got the Incunabulum of Desecration
 58000 | Crypt:3  | Found the +0 pair of fencer's gloves {Riposte Dex+3}
 58031 | Crypt:3  | Identified the +6 spear of Ejoet {drain, ^Drain rElec Str+2
                  | Dex+4}
 58226 | Crypt:3  | Identified the ring of Iroqod {rF+ rN++ rCorr Str+2}
 58277 | Crypt:3  | Identified the orb of Integrity {light, rElec Dex-2 Summ}
 58277 | Crypt:3  | Noticed Frederick
 58281 | Crypt:3  | Killed Frederick
 58281 | Crypt:3  | Received a gift from Okawaru
 58891 | Zot:1    | Entered Level 1 of the Realm of Zot
 59182 | Zot:1    | Received a gift from Okawaru
 59387 | Zot:1    | Identified the +2 sling "Tusmaph" {speed, rF- rN+ Str+5
                  | Dex-2}
 60488 | Zot:2    | Received a gift from Okawaru
 61191 | Zot:2    | Reached skill level 15 in Invocations
 61306 | Zot:3    | Found the +4 dragonskin cloak {Aegis}
 61306 | Zot:3    | Noticed Tiamat
 61345 | Zot:3    | Killed Tiamat
 61865 | Zot:3    | Noticed an orb of fire
 61879 | Zot:3    | Killed an orb of fire
 61882 | Zot:3    | Received a gift from Okawaru
 62568 | Zot:4    | Found a transporter.
 62609 | Zot:4    | Identified the +0 plate armour "Zipo" {*Corrode rF++ Int+3}
 63401 | Zot:4    | Found a transporter.
 63533 | Zot:5    | Entered Level 5 of the Realm of Zot
 63533 | Zot:5    | Found Nismomot's Changing Room.
 63544 | Zot:5    | Received a gift from Okawaru
 63980 | Zot:5    | Bought a potion of mutation for 224 gold pieces
 64125 | Zot:5    | Found a transporter.
 64789 | Zot:5    | Noticed an orb of fire
 64802 | Zot:5    | Killed an orb of fire
 64960 | Zot:5    | Noticed an ancient lich
 64974 | Zot:5    | Killed an ancient lich
 65402 | Zot:5    | Noticed an orb of fire
 65422 | Zot:5    | Killed an orb of fire
 65481 | Zot:5    | Noticed an orb of fire
 65482 | Zot:5    | Noticed a dread lich
 65489 | Zot:5    | Killed a dread lich
 65489 | Zot:5    | Received a gift from Okawaru
 65493 | Zot:5    | Killed an orb of fire
 65506 | Zot:5    | Noticed an orb of fire
 65517 | Zot:5    | Gained mutation: Your body sometimes deteriorates upon
                  | taking damage. [an orb of fire]
 65519 | Zot:5    | Killed an orb of fire
 65724 | Zot:5    | Received a gift from Okawaru
 65730 | Zot:5    | Noticed an ancient lich
 65738 | Zot:5    | Killed an ancient lich
 65815 | Zot:5    | Noticed an ancient lich
 65836 | Zot:5    | Killed an ancient lich
 66255 | Zot:5    | Lost mutation: Your body sometimes deteriorates upon taking
                  | damage. [potion of mutation]
 66255 | Zot:5    | Gained mutation: You occasionally lose the ability to drink
                  | potions when taking damage. [potion of mutation]
 66256 | Zot:5    | Lost mutation: You occasionally lose the ability to drink
                  | potions when taking damage. [potion of mutation]
 66256 | Zot:5    | Gained mutation: You have hidden genetic potential. [potion
                  | of mutation]
 66961 | Slime:1  | Entered Level 1 of the Pits of Slime
 66965 | Slime:1  | Paralysed by a formless jellyfish for 1 turns
 66969 | Slime:1  | Received a gift from Okawaru
 67367 | Slime:5  | Entered Level 5 of the Pits of Slime
 67647 | Slime:5  | Found a viscous altar of Jiyva.
 67730 | Slime:5  | Received a gift from Okawaru
 67764 | Slime:5  | Noticed the Royal Jelly
 67772 | Slime:5  | Killed the Royal Jelly
 67814 | Slime:5  | Identified the +0 long sword of Athrosea {heavy, rN+ Dex+3}
 67818 | Slime:5  | Got a slimy rune of Zot
 67885 | Slime:5  | Identified the +2 plate armour "Urrinn" {rPois Int+4
                  | Slay-5}
 68036 | Slime:5  | Identified the +2 pair of gloves of the Baker {-Tele
                  | Rampage rCorr}
 68550 | Depths:3 | Fell from the grace of Okawaru
 68550 | Depths:3 | Became a worshipper of the Shining One
 68754 | Hell     | Entered the Vestibule of Hell
 68754 | Hell     | Noticed Geryon
 68757 | Hell     | Noticed Murray
 68758 | Hell     | Reached * piety under the Shining One
 68767 | Hell     | Reached ** piety under the Shining One
 68770 | Abyss:2  | Cast into level 2 of the Abyss (hell knight)
 69074 | Abyss:2  | Reached *** piety under the Shining One
 69107 | Abyss:2  | Found a corrupted altar of Lugonu.
 69168 | Abyss:2  | Reached **** piety under the Shining One
 69226 | Abyss:2  | Paralysed by accursed screaming for 1 turns
 69326 | Abyss:3  | Found a corrupted altar of Lugonu.
 69332 | Abyss:3  | Found a corrupted altar of Lugonu.
 69416 | Abyss:3  | Reached ***** piety under the Shining One
 69426 | Abyss:3  | Found a corrupted altar of Lugonu.
 69590 | Abyss:3  | Paralysed by accursed screaming for 1 turns
 69596 | Abyss:3  | Paralysed by accursed screaming for 2 turns
 69616 | Abyss:3  | Got an abyssal rune of Zot
 69749 | Abyss:3  | Found a corrupted altar of Lugonu.
 69784 | Abyss:4  | Found a corrupted altar of Lugonu.
 69959 | Abyss:4  | Reached ****** piety under the Shining One
 69998 | Hell     | Escaped the Abyss
 70005 | Hell     | Killed Murray
 70006 | Hell     | Killed Geryon
 71156 | Hell     | Found a gateway to the freezing wastes of Cocytus.
 71209 | Hell     | Found a gateway to the decaying netherworld of Tartarus.
 71271 | Hell     | Found a gateway to the ashen valley of Gehenna.
 71308 | Hell     | Found a gateway to the Iron City of Dis.
 71357 | Hell     | Identified a +9 broad axe of holy wrath {Tenoch} (a +9
                  | spectral broad axe {Tenoch} blessed by the Shining One)
 71357 | Hell     | Received a gift from the Shining One
 72927 | Geh:1    | Entered Level 1 of Gehenna
 75143 | Geh:5    | Was forgiven by Okawaru
 75535 | Geh:6    | Noticed a dread lich
 75554 | Geh:6    | Killed a dread lich
 75559 | Geh:6    | Gained mutation: Your muscles are strong. (Str +4, Int/Dex
                  | -1) [hidden potential]
 75804 | Geh:7    | Entered Level 7 of Gehenna
 76379 | Geh:7    | Noticed the Serpent of Hell
 76392 | Geh:7    | Killed the Serpent of Hell
 76724 | Geh:7    | Got the Anthology of the Salvo
 76726 | Geh:7    | Got the Folio of Destruction and Omens
 76763 | Geh:7    | Found the +13 sceptre of Asmodeus
 76763 | Geh:7    | Noticed Asmodeus
 76776 | Geh:7    | Killed Asmodeus
 76971 | Geh:7    | Got an obsidian rune of Zot
 77445 | Coc:1    | Entered Level 1 of Cocytus
 77910 | Coc:1    | Paralysed by a wendigo for 1 turns
 78989 | Coc:2    | Reached skill level 27 in Invocations
 79675 | Tar:1    | Entered Level 1 of Tartarus
 79983 | Tar:1    | Reached skill level 27 in Fighting
 80068 | Tar:2    | Reached skill level 1 in Dodging
 80924 | Tar:4    | Reached skill level 5 in Dodging
 81913 | Tar:6    | HP: 12/249 [reaper/+4 scythe of flaming[a doom hound] (29)]
 82285 | Tar:7    | Entered Level 7 of Tartarus
 83978 | Tar:7    | Gained mutation: You are strong-willed. (Will+) [hidden
                  | potential]
 83978 | Tar:7    | Lost mutation: You have hidden genetic potential. [hidden
                  | potential expressed]
 85074 | Tar:7    | Noticed Ereshkigal
 85087 | Tar:7    | Killed Ereshkigal
 85264 | Tar:7    | Got a bone rune of Zot
 86372 | Dis:1    | Entered Level 1 of the Iron City of Dis
 87511 | Pan      | Entered Pandemonium
 87712 | Pan      | Reached skill level 10 in Dodging
 88206 | Pan      | Noticed Labeojuo the pandemonium lord
 88220 | Pan      | Killed Labeojuo the pandemonium lord
 89273 | Pan      | Noticed Weov the pandemonium lord
 89287 | Pan      | Killed Weov the pandemonium lord
 89450 | Pan      | Gained mutation: Armour fits poorly on your strangely
                  | shaped body. [a neqoxec]
 89519 | Pan      | Gained mutation: Your magical capacity is low. (-10% MP) [a
                  | cacodemon]
 89815 | Pan      | Noticed Hiofemi the pandemonium lord
 89824 | Pan      | Killed Hiofemi the pandemonium lord
 89931 | Pan      | Gained mutation: You occasionally lose the ability to drink
                  | potions when taking damage. [a cacodemon]
 90265 | Pan      | Found an exit through the horrors of the Abyss.
 90391 | Pan      | Reached skill level 27 in Axes
 90903 | Pan      | Noticed Daof Dubb the pandemonium lord
 90909 | Pan      | Killed Daof Dubb the pandemonium lord
 91711 | Pan      | Found a sparkling altar of Nemelex Xobeh.
 91719 | Pan      | Identified the +6 glaive of Wariness {heavy, Str+4}
 91747 | Pan      | Gained mutation: You are frail. (-10% HP) [a cacodemon]
 91904 | Pan      | Got a demonic rune of Zot
 92298 | Pan      | Found an exit through the horrors of the Abyss.
 92530 | Pan      | Identified the ring "Vaby" {+Blink rF+ Int+3 Dex-2}
 92711 | Pan      | Found a transporter.
 92739 | Pan      | Found a transporter.
 92949 | Pan      | Identified the +3 pair of boots of Shadows and Fog {rC- rN+
                  | Int+6}
 93118 | Pan      | Noticed Niahiy the pandemonium lord
 93133 | Pan      | Killed Niahiy the pandemonium lord
 93557 | Pan      | Reached skill level 15 in Dodging
 93961 | Pan      | Found an exit through the horrors of the Abyss.
 94727 | Pan      | Noticed Lofishur the pandemonium lord
 94733 | Pan      | Killed Lofishur the pandemonium lord
 95537 | Pan      | Found a runed translucent door.
 95766 | Pan      | Noticed Koogomy the pandemonium lord
 95770 | Pan      | Killed Koogomy the pandemonium lord
 95990 | Pan      | Lost mutation: You occasionally lose the ability to drink
                  | potions when taking damage. [a cacodemon]
 95994 | Pan      | Gained mutation: You possess an exceptional clarity of
                  | mind. [a cacodemon]
 96092 | Pan      | Found an exit through the horrors of the Abyss.
 96620 | Pan      | Noticed Ynwufog the pandemonium lord
 96632 | Pan      | Killed Ynwufog the pandemonium lord
 97045 | Pan      | Reached skill level 27 in Armour
 97225 | Pan      | Noticed Niphoyco the pandemonium lord
 97230 | Pan      | Killed Niphoyco the pandemonium lord
 97827 | Pan      | Entered the realm of Lom Lobon.
 98042 | Pan      | Noticed Lom Lobon
 98633 | Pan      | Killed Lom Lobon
 98758 | Pan      | Got a magical rune of Zot
 98894 | Pan      | Entered the realm of Cerebov.
 98894 | Pan      | Found the +6 sword of Cerebov {flame}
 98894 | Pan      | Noticed Cerebov
 99062 | Pan      | Found an exit through the horrors of the Abyss.
 99251 | Pan      | Identified the +7 great sword of the Magi {venom, *Noise
                  | +Blink rPois rF++}
 99308 | Pan      | Identified the +11 halberd "Woqusin" {drain, *Slow +Blink
                  | rPois Int+2}
 99308 | Pan      | Identified the ring "Pucegib" {+Blink Fly Will+ Str+3}
100329 | Pan      | Identified the +8 glaive "Tyesk" {venom, rCorr Int+3}
100620 | Pan      | Killed Cerebov
100696 | Pan      | Identified the +7 sling "Risuod" {freeze, rElec rF- rC+
                  | Int+8}
100699 | Pan      | Identified the +3 scale mail of the Apprentice {rPois}
100738 | Pan      | Identified the +0 plate armour of the Mackerel {rCorr}
100885 | Pan      | Got a fiery rune of Zot
100927 | Pan      | Got Sif Muna's Verses on the Anticline and Rubedo
100931 | Pan      | Identified the +11 whip "Menwa" {freeze, *Slow rElec Dex+5
                  | Stlth+}
101029 | Pan      | Identified the +4 orcbow "Ziuf" {elec, rN+}
101044 | Pan      | Identified the +8 short sword of Kovig {venom, rPois rC+}
101427 | Pan      | Entered the realm of Mnoleg.
101499 | Pan      | Gained mutation: You occasionally shout uncontrollably at
                  | your foes. [a neqoxec]
101681 | Pan      | Noticed Mnoleg
101693 | Pan      | Killed Mnoleg
102351 | Pan      | Got a glowing rune of Zot
102376 | Pan      | Identified the +1 pair of boots of Seocav {^Drain +Inv rN+
                  | Str+6}
102482 | Pan      | Entered the realm of Gloorx Vloq.
102821 | Pan      | Lost mutation: Armour fits poorly on your strangely shaped
                  | body. [potion of mutation]
102821 | Pan      | Lost mutation: Your magical capacity is low. (-10% MP)
                  | [potion of mutation]
102821 | Pan      | Lost mutation: You are strong-willed. (Will+) [potion of
                  | mutation]
102821 | Pan      | Gained mutation: You have a pair of small horns on your
                  | head. [potion of mutation]
102821 | Pan      | Gained mutation: You are strong-willed. (Will+) [potion of
                  | mutation]
102821 | Pan      | Gained mutation: Your mind is acute. (Int +4, Str/Dex -1)
                  | [potion of mutation]
102821 | Pan      | Gained mutation: You have supernaturally acute eyesight.
                  | (SInv) [potion of mutation]
102822 | Pan      | Lost mutation: You are frail. (-10% HP) [potion of
                  | mutation]
102822 | Pan      | Lost mutation: You possess an exceptional clarity of mind.
                  | [potion of mutation]
102822 | Pan      | Gained mutation: You are robust. (+10% HP) [potion of
                  | mutation]
103264 | Pan      | Found an exit through the horrors of the Abyss.
103364 | Pan      | Noticed Gloorx Vloq
103721 | Pan      | Killed Gloorx Vloq
103892 | Pan      | Got a dark rune of Zot
104061 | Depths:4 | Escaped Pandemonium
104143 | Depths:3 | Upgraded the game from 0.32-a0-913-g739538afd8 to
                  | 0.32-a0-918-g0f22ef8d61
104210 | Dis:2    | Reached skill level 1 in Maces & Flails
105745 | Dis:5    | Reached skill level 5 in Maces & Flails
105763 | Dis:5    | HP: 7/273 [iron golem[an iron giant] (16)]
106239 | Dis:5    | HP: 5/273 [iron giant/iron shot (38)]
106240 | Dis:5    | Demolished by an iron golem

Illustrated notes

Levels and vault maps discovered:
D:1:      minmay_arrival_split_and_join, layout_loops_corners, serial_shops,
          nicolae_shop_stone, st_stairs_1, grunt_decor_clamped
D:2:      layout_basic, basic_altar
D:3:      layout_loops_cross, shapermc_ecumenical_altar_ellora,
          minmay_snake_closets, uniq_jessica
D:4:      layout_cave_pools, amcnicky_altar_gilded, minmay_surrounded
D:5:      layout_basic, trog_hazing_becter, serial_co_window_serial,
          co_window_paths_a, co_window_corner_a, co_window_corner_a,
          co_window_paths_a, co_window_paths_b, co_window_broadway_a,
          co_window_corner_b, co_window_cross_4, co_window_unsneaky_path_a,
          co_window_of_opportunity_c, co_window_paths_c,
          co_window_of_opportunity_b, glass_columns_a, glass_columns_c,
          glass_columns_a, glass_columns_a, glass_columns_b,
          nicolae_shop_sticking_my_neck_out, uniq_crazy_yiuf_cottage,
          uniq_duvessa
D:6:      cheibrodos_helix_gallery, layout_layer_cave,
          mainiacjoe_overflow_concentric_impassable, minmay_temple_entry_arrows,
          gammafunk_ghost_grave
D:7:      layout_rooms, grunt_gozag_statues, uniq_joseph, uniq_pikel,
          uniq_jeremiah
D:8:      layout_basic, lemuel_round_altar, nicolae_overflow_crystal_walls,
          minmay_fractal_squares_diagonal_5
D:9:      layout_roguey, lemuel_coloured_pillars_altar, enter_bailey_3,
          uniq_maggie
D:10:     minmay_bloctagon_deflated, layout_loops_ring,
          grunt_nemelex_the_gamble, lemuel_crystal_altar,
          mainiacjoe_overflow_tiny_flanked, mainiacjoe_overflow_paths,
          serial_shops, shop_statue, minmay_hollow_rounded_squares, uniq_harold,
          uniq_sonja, uniq_maurice, uniq_psyche
D:11:     hellmonk_paralyzer, layout_rooms, lair_entry_dummy, serial_shops, shop
D:12:     layout_cross, zombieorc1_lemuel, eino_house_with_fridge
D:13:     layout_grid_maze, serial_glass, glass_columns_b, glass_columns_b,
          glass_columns_a, glass_columns_a, glass_columns_a, glass_columns_a,
          glass_columns_b, glass_columns_c, glass_columns_a, glass_columns_c,
          hangedman_weighted_door, eat_drink_and_be_merry_uskayaw, uniq_frances
D:14:     layout_long_grid, grunt_vaults_entry_tiered, serial_shops,
          nicolae_shop_rolled_up
D:15:     grunt_enter_depths_snipers, layout_basic, reono_crystal_passage
Temple:   nicolae_temple_bog_church
Lair:1:   layout_gridlike, lemuel_fruit_fields, grunt_megastairs_5,
          infiniplex_staircase_pool_2
Lair:2:   layout_regular_city, hellmonk_spider_entry_not_the_bees,
          serial_forest, infiniplex_forest_corner_1,
          infiniplex_forest_clump_diagonal, infiniplex_forest_clump_curved,
          infiniplex_forest_straight_4, infiniplex_forest_straight_4,
          gammafunk_ghost_ooze, chequers_serial_rivers_large_a
Lair:3:   layout_long_grid, nicolae_shoals_entry_roost,
          ebering_ghost_reflecting_pool, grunt_forest_small_clearings
Lair:4:   minmay_lair_oklob_tunnel, layout_long_grid
Lair:5:   gammafunk_lair_ancient_temple, layout_loops_ring,
          nicolae_slime_entry_field_trip, serial_bayou, serial_bayou_pond_c,
          serial_bayou_shore_b, serial_bayou_lagoon_b, serial_bayou_pond_c
Shoals:1: layout_shoals, hangedman_shoal_volcano
Shoals:2: layout_shoals, uniq_polyphemus
Shoals:3: layout_shoals, nicolae_shoals_this_corrosion, uniq_ilsuiw
Shoals:4: shoals_end_simple, layout_shoals, shoal_ilsuiw
Spider:1: layout_chambers, hangedman_spider_tarantella_strand
Spider:2: layout_spider_delve, nicolae_spider_checkerboard
Spider:3: layout_spider_delve, beargit_elvish_explorers
Spider:4: hellmonk_spider_rune_endless_swarm
Slime:1:  layout_caves
Slime:2:  layout_caves
Slime:3:  layout_caves, uniq_dissolution
Slime:4:  layout_caves, basic_altar, cheibrodos_slime_lost_civilization_5
Slime:5:  slime_pit_nicolae_inversion
Orc:1:    layout_caves, portal_ice_cave_entry_animals_and_master, serial_shops,
          shop, nicolae_specific_store
Orc:2:    pubby_orc_utopia, uniq_saint_roka
Elf:1:    elf_arrival_002, layout_loops_corners, serial_shops,
          nicolae_take_the_stairs, guppyfry_library_mini, grunt_megastairs_3,
          minmay_shoptagon, lemuel_upstairs_altar
Elf:2:    nicolae_elf_blades_crystal_corner, layout_loops_corners, serial_shops,
          nicolae_book_shop_shelving, shop
Elf:3:    minmay_elf_hall_curves, layout_geoelf_grid,
          hellmonk_ghost_happy_afterlife, serial_co_window_serial,
          co_window_corner_a, co_window_corner_a, co_window_corner_a,
          co_window_paths_a, co_window_cross_1, co_window_broadway_c,
          co_window_corner_ca, glass_columns_b, glass_columns_b,
          glass_columns_a, glass_columns_b, glass_columns_a, uniq_asterion
Vaults:1: nicolae_vaults_little_squares_4, vaults_dpeg_ring,
          nicolae_vaults_trapezoid_4, v_misc_4, v_alt_pattern_1,
          nicolae_vaults_storage_closets_2, nicolae_vaults_tangram_1,
          grunt_vaults_funnel, v_misc_10, vaults_room_hangedman_quadrants,
          nicolae_vaults_storage_closets_3, layout_vaults_omnigrid,
          serial_shops, shop
Vaults:2: portal_desolation_entry_salt, nicolae_vaults_disjoint_gnomons,
          nicolae_vaults_shipping_containers_1, nicolae_vaults_little_squares_4,
          vaults_dpeg_diagonal, ontoclasm_vaults_loading_screen,
          vaults_mumra_hex, nicolae_vaults_trapezoid_1,
          minmay_crypt_entry_nasty_monster, vaults_dpeg_encased_lava,
          nicolae_vaults_sealed_display, v_misc_3, vaults_room_large_hall,
          layout_vaults_maze_bifur
Vaults:3: nicolae_vaults_windows_and_doors_thing, ontoclasm_vaults_spin,
          vaults_room_octagon, nicolae_vaults_steering_wheel, v_pattern_3,
          nicolae_vaults_sesquioval_fish, v_misc_27,
          nicolae_vaults_crenellated_ambush, nicolae_vaults_storage_room_water,
          nicolae_vaults_double_plus_1, layout_vaults_omnicross, serial_shops,
          bzr_entry_gold, uniq_mennas, uniq_bai_suzhen, uniq_mara
Vaults:4: vaults_dpeg_doors, vaults_room_pool, nicolae_vaults_border_crossing,
          v_misc_5, hangedman_vaults_stagger, ontoclasm_vaults_chip, v_misc_27,
          grunt_vaults_hallway_long, nicolae_vaults_tetromino_T_1,
          nicolae_vaults_little_squares_4, layout_vaults_big_room, serial_shops,
          nicolae_shop_industrial_runoff
Vaults:5
Crypt:1:  layout_misc_corridors, grunt_ministairs_3, minmay_misc_feat_cross,
          grunt_crypt_arrival_webbed, uniq_margery
Crypt:2:  layout_basic, uniq_boris
Crypt:3:  grunt_crypt_end_deaths_head, uniq_frederick
Depths:1: layout_cave_pools, grunt_decor_junction, abyss_entry, hellmouth_3,
          minmay_guarded_unrand_mage
Depths:2: nzn_winding_woodlands_stair_cross [nzn_winding_woodlands_5x15_parted,
          nzn_winding_woodlands_center_diamonds,
          nzn_winding_woodlands_5x15_longhouse,
          nzn_winding_woodlands_5x5_default,
          nzn_winding_woodlands_5x5_closed_star,
          nzn_winding_woodlands_5x15_river_crossing,
          nzn_winding_woodlands_center_garden,
          nzn_winding_woodlands_5x15_sidewinder], layout_long_grid,
          grunt_hell_entry_dis_grunt, nicolae_abyss_entry_one_way_or_another,
          rand_demon_pan_entry_9, minmay_staircase_windowed_small
Depths:3: evilmike_pillar_path, layout_basic, enter_ziggurat_e,
          hangedman_abyss_entry_splay, enter_trove_1, zin_angel,
          pf_dread_powers_of_hell, tso_metal_star
Depths:4: grunt_zot_entry_funnels, layout_gridlike, hell_entry, fedhas_altar_2,
          rand_demon_pan_entry_4
Hell
Dis:1:    layout_subdivisions, nicolae_dis_grated_feature
Dis:2:    layout_regular_city
Dis:3:    layout_subdivisions
Dis:4:    layout_subdivisions
Dis:5:    layout_gridville, evilmike_ambush [evilmike_ambush_outer_basic,
          evilmike_ambush_inner_basic]
Geh:1:    layout_gehenna_lava_caves
Geh:2:    layout_gehenna_pools_triple
Geh:3:    layout_gehenna_lava_caves
Geh:4:    layout_gehenna_pools_triple
Geh:5:    layout_gehenna_pools_basic, gehenna_fire_generator
Geh:6:    layout_gehenna_pools_basic
Geh:7:    geh_grunt
Coc:1:    layout_cocytus_water_paths
Coc:2:    layout_cocytus_water_paths
Coc:3:    layout_cocytus_delve, nicolae_hells_hurtin_island
Tar:1:    layout_catacombs
Tar:2:    layout_grid_maze
Tar:3:    nicolae_tar_entranced, layout_cathedral_of_symmetry, evilmike_ambush
          [evilmike_ambush_outer_pillars, evilmike_ambush_inner_cross]
Tar:4:    layout_honeycomb
Tar:5:    layout_catacombs
Tar:6:    layout_grid_maze, nicolae_tar_cuneiform_two
Tar:7:    tar_mu [tar_mu_maze]
Zot:1:    kennysheep_blocky_room, layout_basic,
          regret_index_zotdec_stipple_waver
Zot:2:    layout_gridlike, zot_minivault_5
Zot:3:    layout_gridlike, uniq_tiamat
Zot:4:    gammafunk_its_a_trap, layout_gridville,
          regret_index_zotdec_silver_v_v_orig_slice, lemuel_elevator
Zot:5:    layout_gridlike, nicolae_transmutations_shop, nicolae_diode_basic

Skill      XL: |  1  2  3  4  5  6  7  8  9 10 11 12 13 14 15 16 17 18 19 20 21 22 23 24 25 26 27 |
---------------+----------------------------------------------------------------------------------+-----
Armour         | 3 4 6 8 10 11 14 16 18 19 20 22 27 | 27.0
Axes           | 3 5 6 7 10 11 12 13 14 15 16 17 18 22 23 27 | 27.0
Invocations    | 2 4 6 7 9 10 27 | 27.0
Evocations     | 5 8 11 13 15 16 18 19 20 22 24 25 26 27 | 27.0
Fighting       | 4 6 9 10 12 14 16 17 18 20 22 23 25 27 | 27.0
Dodging        | 25 | 25.2
Maces & Flails | 6 |  6.1
Shields        | |  2.8

Action                     |  1- 3 |  4- 6 |  7- 9 | 10-12 | 13-15 | 16-18 | 19-21 | 22-24 | 25-27 || total
---------------------------+-------+-------+-------+-------+-------+-------+-------+-------+-------++-------
  Melee: War axe           |   111 |   196 |   354 |   291 |   721 |   384 |       |       |       ||  2057
         Broad axe         |       |       |       |   251 |   772 |  1182 |  1420 |  1895 |  8482 || 14002
         Headbutt          |       |       |       |       |       |       |       |       |   125 ||   125
 Invoke: Heroism           |       |       |     2 |     9 |    14 |    17 |    12 |    12 |    28 ||    94
         Finesse           |       |       |       |       |     1 |     2 |     3 |     9 |    14 ||    29
         Receive Weapon    |       |       |       |       |     1 |       |       |       |       ||     1
         Receive Armour    |       |       |       |       |     1 |       |       |       |       ||     1
         Cleansing Flame   |       |       |       |       |       |       |       |       |   221 ||   221
         Divine Shield     |       |       |       |       |       |       |       |       |    21 ||    21
         Summon Divine War |       |       |       |       |       |       |       |       |     4 ||     4
         Brand Weapon With |       |       |       |       |       |       |       |       |     1 ||     1
Ability: Invent Gizmo      |       |       |       |       |     1 |       |       |       |       ||     1
  Evoke: Wand              |       |       |       |    15 |     5 |       |     3 |     5 |     5 ||    33
         Lightning rod     |       |       |       |     5 |     8 |       |       |       |       ||    13
         Tin of tremorston |       |       |       |       |       |       |       |     2 |       ||     2
    Use: Scroll            |       |     5 |     8 |    10 |    13 |    16 |       |     3 |    34 ||    89
         Potion            |       |       |     8 |     2 |     1 |     2 |     3 |       |    22 ||    38
   Stab: Distracted        |       |       |       |       |       |       |       |     1 |     1 ||     2
 Armour: Scale mail        |    55 |    52 |       |       |       |       |       |       |       ||   107
         Plate armour      |       |    62 |   272 |   313 |   575 |       |       |       |       ||  1222
         Swamp dragon scal |       |       |       |     2 |       |       |       |       |       ||     2
         Crystal plate arm |       |       |       |       |   157 |  1090 |   838 |   872 |  5025 ||  7982
  Dodge: Dodged            |    32 |    32 |    72 |    81 |   220 |   297 |   278 |   287 |  1939 ||  3238
  Block: Other             |       |       |       |       |       |       |       |       |   196 ||   196

Table legend: (Time is in decaauts)
 A = Elapsed time spent in this place.
 B = Non-inter-level travel time spent in this place.
 C = Inter-level travel time spent in this place.
 D = Time resting spent in this place.
 E = Time spent auto-exploring this place.
 F = Levels seen in this place.
 G = Mean time per level.
                   A        B        C        D        E       F      G
               +--------+--------+--------+--------+--------+-----+--------+
         Total | 104395 |  98586 |   5809 |  23211 |  58231 | 102 | 1023.5 |
       Dungeon |  16791 |  15429 |   1362 |   3232 |  10046 |  15 | 1119.4 |
        Temple |     25 |     15 |     10 |      0 |      0 |   1 |   25.0 |
          Lair |   6579 |   5738 |    841 |   1099 |   3789 |   5 | 1315.8 |
        Shoals |   4709 |   4566 |    143 |    745 |   3074 |   4 | 1177.2 |
   Spider Nest |   5362 |   5221 |    141 |   1058 |   3416 |   4 | 1340.5 |
    Slime Pits |   1230 |   1157 |     73 |    342 |    395 |   5 |  246.0 |
  Orcish Mines |   3228 |   3019 |    209 |    786 |   1794 |   2 | 1614.0 |
   Elven Halls |   4090 |   3723 |    367 |     92 |   2892 |   3 | 1363.3 |
        Vaults |   7413 |   6650 |    763 |    265 |   5105 |   5 | 1482.6 |
         Crypt |   3783 |   3583 |    200 |    205 |   2727 |   3 | 1261.0 |
        Depths |   6012 |   5246 |    766 |   1709 |   2685 |   4 | 1503.0 |
          Hell |   4194 |   4067 |    127 |   3433 |    333 |   1 | 4194.0 |
           Dis |   1510 |   1379 |    131 |    369 |    785 |   5 |  302.0 |
       Gehenna |   4337 |   4205 |    132 |   1254 |   2273 |   7 |  619.6 |
       Cocytus |   1077 |   1045 |     32 |    469 |    347 |   3 |  359.0 |
      Tartarus |   6741 |   6544 |    197 |   2312 |   3555 |   7 |  963.0 |
           Zot |   7518 |   7208 |    310 |   2203 |   3776 |   5 | 1503.6 |
         Abyss |   1135 |   1135 |      0 |    382 |    149 |   3 |  378.3 |
   Pandemonium |  16093 |  16093 |      0 |   2520 |   9929 |  15 | 1072.9 |
        Bazaar |    240 |    240 |      0 |      0 |     98 |   1 |  240.0 |
         Trove |    111 |    111 |      0 |      0 |     77 |   1 |  111.0 |
        Bailey |    489 |    489 |      0 |    231 |    122 |   1 |  489.0 |
      Ice Cave |    765 |    765 |      0 |    348 |    298 |   1 |  765.0 |
    Desolation |    953 |    953 |      0 |    154 |    563 |   1 |  953.0 |
               +--------+--------+--------+--------+--------+-----+--------+

Top non-repeatable levels by time:
    Hell: 4194 daAuts
   Tar:7: 4098 daAuts
Depths:3: 2916 daAuts
   Zot:5: 2535 daAuts
   Orc:2: 2532 daAuts
Vaults:3: 2124 daAuts
     D:6: 2059 daAuts
Spider:1: 1916 daAuts
   Elf:3: 1728 daAuts
    D:10: 1718 daAuts
    D:15: 1689 daAuts
    D:14: 1671 daAuts
 Crypt:3: 1600 daAuts
     D:5: 1584 daAuts
   Geh:7: 1540 daAuts
